 Dungeon Crawl Stone Soup version 0.30-a0-989-g0d87f670db (webtiles) character file.

Game seed: 15384597321505263555

2 jimonade the Caller (level 1, 0/13 HPs)
             Began as a Mummy Summoner on Apr 4, 2023.
             Slain by an adder (3 damage)
             ... on level 2 of the Dungeon.
             The game lasted 00:00:49 (105 turns).

jimonade the Caller (Mummy Summoner)                 Turns: 105, Time: 00:00:50

Health: 0/13       AC:  2    Str: 11    XL:     1   Next: 33%
Magic:  0/4        EV: 12    Int: 14    God:
Gold:   11         SH:  0    Dex: 12    Spells: 4/5 levels left

rFire   x . .      SeeInvis .    (no weapon)
rCold   + . .      Faith    +    (no shield)
rNeg    + + +      Spirit   .    a - +0 robe
rPois   ∞          Reflect  .    (no helmet)
rElec   .          Rampage  .    (no cloak)
rCorr   .                        (no gloves)
Will    .....                    (no boots)
Stlth   ++                       (no amulet)
HPRegen 0.22/turn                (no ring)
MPRegen 0.09/turn                (no ring)

@: no status effects
A: cold resistance 1, negative energy resistance 3, torment resistance 2, heat
vulnerability 1, no potions, faith
a: no special abilities


You were on level 2 of the Dungeon.
You visited 1 branch of the dungeon, and saw 2 of its levels.

You collected 11 gold pieces.

Inventory:

Missiles
 b - 3 stones
Armour
 a - a +0 robe (worn)


   Skills:
 - Level 1.5 Dodging
 - Level 1.5 Stealth
 * Level 2.8 Spellcasting
 + Level 3.3 Summonings


You had 4 spell levels left.
You knew the following spells:

 Your Spells              Type           Power      Damage    Failure   Level
a - Summon Small Mammal   Summ           44%        N/A       5%          1

Your spell library contained the following spells:

 Spells                   Type           Power      Damage    Failure   Level
 Call Imp                 Summ           11%        N/A       9%          2
 Call Canine Familiar     Summ           11%        N/A       17%         3
 Summon Guardian Golem    Hex/Summ       6%         N/A       32%         3
 Summon Lightning Spire   Summ/Air       6%         N/A       73%         4


Dungeon Overview and Level Annotations

Branches:
Dungeon (1/15)

Altars:


Innate Abilities, Weirdness & Mutations

You are immune to poison.
Your flesh is cold resistant. (rC+)
You are immune to negative energy. (rN+++)
You are immune to unholy pain and torment.
You are vulnerable to heat. (rF-)
You do not drink.
You have a special connection with the divine. (Faith)


Message History

Your bat hits the dart slug. The dart slug launches a dart at you.
The slug dart misses your bat. The slug dart hits you.
Your bat hits the dart slug but does no damage.
Your bat hits the dart slug but does no damage.
Your bat hits the dart slug.
The dart slug dies!
You start resting.
HP restored.
You start resting.
Magic restored.
Found 3 stones.
Found a golden potion.
You see here 3 stones.
b - 3 stones An adder comes into view.
Found Plato's Cyclopedia of the Flock.
Found a faded altar of an unknown god.
The adder hisses angrily.
Your bat closely misses the adder.
The adder closely misses you.
Your bat disappears in a puff of smoke!
Your bat hits the adder but does no damage.
The adder bites you.
Your bat barely misses the adder.
Your rat disappears in a puff of smoke!
Your bat hits the adder but does no damage.
The adder bites you.
You are too injured to fight recklessly!
You closely miss the adder. The adder barely misses you.
Your bat closely misses the adder.
Your quokka closely misses the adder.
The adder barely misses you.
You closely miss the adder. Your bat hits the adder. The adder bites you.
* * * LOW HITPOINT WARNING * * *
Your quokka bites the adder but does no damage.
You closely miss the adder.
The adder is lightly wounded.
Your bat completely misses the adder.
The adder closely misses you.
Your quokka closely misses the adder.
You closely miss the adder.
The adder is lightly wounded.
The adder misses you.
Your quokka barely misses the adder.
The adder bites you.
You die...

###### #.+ #....# #.#
#.##.# #.### #.##.#
#.#.. #.##.######.#.#
#.##...........
#.#########.#.#
##.#######.........#.#..
.......@............>###
....brS###............
....!.. #.#######.#.#
....... #.. #.#.#
.^.^^.. #.## #.#.#
_.#.#.# ..# # #.# # #.#.
### . .#


You could see an adder (ally target), a friendly quokka (summoned) and a
friendly bat (summoned).

Vanquished Creatures (collateral kills)
  A dart slug (D:2)
1 creature vanquished.

Notes
Turn   | Place    | Note
-------+----------+-------------------------------------------
     0 | D:1      | jimonade the Mummy Summoner began the quest for the Orb.
     0 | D:1      | Reached XP level 1. HP: 13/13 MP: 4/4
     7 | D:1      | You fall into a shaft and drop 1 floor!
    97 | D:2      | Found a faded altar of an unknown god.
   105 | D:2      | Slain by an adder

Illustrated notes

Levels and vault maps discovered:
D:1:      dpeg_cavernosity, layout_loops_ring, minivault_5
D:2:      layout_basic, basic_altar, shapermc_ecumenical_altar_rom_forum,
          corexii_corridor_pit, uniq_sigmund

Action                     || total
---------------------------++-------
  Melee: Unarmed           ||     4
   Cast: Summon Small Mamm ||     9
  Dodge: Dodged            ||     5

Table legend: (Time is in decaauts)
 A = Elapsed time spent in this place.
 B = Non-inter-level travel time spent in this place.
 C = Inter-level travel time spent in this place.
 D = Time resting spent in this place.
 E = Time spent auto-exploring this place.
 F = Levels seen in this place.
 G = Mean time per level.
                   A        B        C        D        E       F      G
               +--------+--------+--------+--------+--------+-----+--------+
         Total |    104 |    104 |      0 |     37 |      7 |   2 |   52.0 |
       Dungeon |    104 |    104 |      0 |     37 |      7 |   2 |   52.0 |
               +--------+--------+--------+--------+--------+-----+--------+

Top non-repeatable levels by time:
     D:2: 97 daAuts
     D:1: 7 daAuts
